 Dungeon Crawl Stone Soup version 0.27.1-1-g398f81649c (webtiles) character file.

Game seed: 10922485372034289067

10160 nxtlvl the Severer (level 11, 99/99 HPs)
             Began as a Minotaur Necromancer on Sept 13, 2021.
             Quit the game on level 9 of the Dungeon.
             The game lasted 01:00:48 (7546 turns).

nxtlvl the Severer (Minotaur Necromancer)           Turns: 7546, Time: 01:00:48

Health: 99/99      AC: 14    Str: 18    XL:     11   Next: 32%
Magic:  12/12      EV:  7    Int: 12    God:
Gold:   248        SH:  0    Dex: 16    Spells: 10/12 levels left

rFire    + . .     SeeInvis +   a - +4 battleaxe (elec)
rCold    . . .     Faith    .   (shield currently unavailable)
rNeg     . . .     Spirit   .   c - +0 plate armour
rPois    +         Reflect  .   (helmet restricted)
rElec    .         Harm     .   d - +1 cloak "Utugiu" {Str+3 Dex+4}
rCorr    .         Rampage  .   (no gloves)
Will     .....                  (no boots)
Stlth    ..........             J - amulet of Gompeluch {rPois rF+ Regen+}
HPRegen  1.26/turn              I - ring of poison resistance
MPRegen  0.13/turn              G - ring of see invisible

@: studying Unarmed Combat
A: horns 2, retaliatory headbutt
a: no special abilities


You were on level 9 of the Dungeon.
You visited 2 branches of the dungeon, and saw 10 of its levels.
You also visited: Sewer.

You collected 778 gold pieces.
You spent 530 gold pieces at shops.

Inventory:

Hand Weapons
 a - a +4 battleaxe of electrocution (weapon)
 b - a +0 shortbow
 w - a +5 vorpal glaive
 H - a -2 antimagic halberd
 K - a +3 scimitar of flaming
 W - a +0 whip of electrocution
Missiles
 g - 76 sling bullets
 k - 42 poisoned darts (quivered)
 r - 40 bolts
 t - 133 arrows
 N - 3 throwing nets
Armour
 c - a +0 plate armour (worn)
 d - the +1 cloak "Utugiu" (worn) {Str+3 Dex+4}
   (You found it on level 8 of the Dungeon)

   Str:       It affects your strength (+3).
   Dex:       It affects your dexterity (+4).
 C - +1 swamp dragon scales
Jewellery
 j - a ring of wizardry
 y - an amulet of reflection
 G - a ring of see invisible (right hand)
 I - a ring of poison resistance (left hand)
 J - the amulet of Gompeluch (around neck) {rPois rF+ Regen+}
   (You bought it in a shop on level 1 of the Dungeon)

   [amulet of regeneration]

   rF:        It protects you from fire.
   rPois:     It protects you from poison.
   Regen:     It increases your rate of health regeneration.
Wands
 F - a wand of iceblast (1)
 M - a wand of flame (13)
Scrolls
 e - 2 scrolls of enchant weapon {unknown}
 f - a scroll of amnesia
 i - 2 scrolls of fog {unknown}
 l - 3 scrolls of identify
 p - 2 scrolls of magic mapping {unknown}
 q - a scroll of holy word {unknown}
 u - a scroll of teleportation
 v - 2 scrolls of acquirement {unknown}
 x - 2 scrolls of blinking {unknown}
 A - a scroll of vulnerability {unknown}
 D - 2 scrolls of summoning {unknown}
 L - a scroll of enchant armour {unknown}
Potions
 h - 2 potions of mutation {unknown}
 m - 3 potions of might
 n - 6 potions of curing {unknown}
 o - a potion of degeneration {unknown}
 s - 2 potions of haste
 z - a potion of cancellation {unknown}
 B - 2 potions of magic {unknown}
 E - 3 potions of brilliance
 O - a potion of heal wounds


   Skills:
 + Level 10.0 Fighting
 * Level 15.8 Axes
 + Level 5.7 Armour
 - Level 5.6 Dodging
 - Level 1.5 Stealth
 - Level 1.3 Spellcasting
 - Level 2.9 Necromancy


You had 10 spell levels left.
You knew the following spells:

 Your Spells              Type           Power      Damage    Failure   Level
z - Pain                  Necr           28%        1d5       96%         1
Z - Animate Skeleton      Necr           14%        N/A       96%         1

Your spell library contained the following spells:

 Spells                   Type           Power      Damage    Failure   Level
 Ensorcelled Hibernation  Hex/Ice        0%         N/A       100%        2
 Spider Form              Tmut/Pois      0%         N/A       100%        3
 Vampiric Draining        Necr           3%         2d6       100%        3
 Animate Dead             Necr           3%         N/A       100%        4
 Hailstorm                Conj/Ice       0%         3d3       100%        4
 Ice Form                 Ice/Tmut       0%         N/A       100%        4
 Agony                    Necr           7%         N/A       100%        5
 Shadow Creatures         Summ           N/A        N/A       100%        6
 Simulacrum               Ice/Necr       2%         N/A       100%        6


Dungeon Overview and Level Annotations

Branches:
Dungeon (9/15)             Temple (1/1) D:6            Lair (0/6) D:9
    Orc (0/2) D:9           Sewer (visited)

Altars:
Ashenzari
Dithmenos
Elyvilon
Fedhas
Gozag
Hepliaklqana
Kikubaaqudgha
Nemelex Xobeh
Okawaru
Qazlal
Ru
Sif Muna
Trog
Uskayaw
Vehumet
Wu Jian
Xom
Yredelemnul
Zin
The Shining One

Shops:
D:1 =   D:3 ?

Annotations:
D:7 Harold


Innate Abilities, Weirdness & Mutations

You have a pair of horns on your head.
You reflexively headbutt those who attack you in melee.


Message History

a +0 plate armour; a +0 long sword You see here a +0 hunting sling.
Items here: )) [[.
Done exploring.
Done exploring.
There is a stone staircase leading down here.
You climb downwards.
There is a stone staircase leading up here.
No target in view!
Unknown command.
Things that are here:
a +0 robe; a +0 dagger You see here a +0 trident.
A troll comes into view.
The troll shouts!
A troll is nearby!
You slice the troll!!
The troll is heavily wounded.
The troll bites you. The troll closely misses you. The troll claws you.
You closely miss the troll.
The troll is heavily wounded.
The troll bites you. The troll claws you. x2
You slash the troll!
The troll is severely wounded.
The troll bites you!
The troll claws you but does no damage. x2
You closely miss the troll. You headbutt the troll.
The troll is almost dead.
You slice the troll!! Lightning courses through the troll!
You kill the troll!
Your Fighting skill increases to level 10!
You now have 248 gold pieces (gained 14).
Things that are here:
a +0 robe; a +0 dagger HP restored.
Things that are here:
a +0 dagger; a +0 plate armour; a +0 trident
k - 42 poisoned darts (gained 2)
Items here: ( )))) [.
Done exploring.
Are you sure you want to abandon this character and quit the game? (Confirm with "yes".)

#.# #.# #....## #.#
#.# #.#.### #.# #.#
###....## #.# #.#
#........ #.# ##.#
#........ #.# ##..#
#........ #.# ##...##
#........ #.#
##.###.###........ #.#
#@## ##.##........
#.###.#####...........
#.....................
#.....................
#..≈≈..≈≈.≈.≈......###
#....≈≈≈≈.≈.≈≈...###
#..≈≈.≈≈≈.≈.≈≈.≈.#
##...≈≈≈≈.≈≈≈≈≈..#
#....≈≈≈.≈≈≈≈≈..#


There were no monsters in sight!

Vanquished Creatures
  2 two-headed ogres
  Erica (D:8)
  Pikel (D:7)
  An ugly thing (D:8)
  Maggie (D:7)
  Psyche (D:8)
  3 trolls
  Prince Ribbit (D:5)
  The ghost of thromnambular the Ducker, an amateur DjFE of Hepliaklqana (D:5)
  3 yaks (D:9)
  A steam dragon (D:7)
  A vampire mosquito (D:6)
  Grum (D:8)
  A water moccasin (D:8)
  Duvessa (D:5)
  7 orc warriors
  2 ice beasts
  2 sky beasts
  An ogre (D:5)
  A hornet zombie (D:9)
  7 wolves
  4 centaurs
  3 necrophages
  A lemure (D:7)
  A phantom (D:4)
  A kobold brigand (D:9)
  Blork the orc (D:4)
  5 bullfrogs
  A wyvern zombie (D:8)
  3 scorpions
  Dowan (D:5)
  A water moccasin zombie (D:6)
  3 killer bees (D:9)
  5 electric eels (D:9)
  A centaur zombie (D:8)
  7 orc priests
  7 hounds
  A jelly (D:4)
  Crazy Yiuf (D:7)
  A bullfrog skeleton (D:4)
  4 iguanas
  8 orc wizards
  A killer bee zombie (D:7)
  2 hound skeletons (D:4)
  Robin (D:4)
  12 gnolls
  8 adders
  An ufetubus (D:4)
  An adder skeleton (D:4)
  4 worms
  A dart slug (D:1)
  32 orcs
  16 endoplasms
  11 giant cockroaches
  5 hobgoblins
  3 jackals (D:1)
  13 kobolds
  16 quokkas
  15 ball pythons
  11 bats
  11 frilled lizards
  17 goblins
  4 rats
285 creatures vanquished.

Vanquished Creatures (others)
  3 fungi (D:7)
  4 plants (D:7)
7 creatures vanquished.

Grand Total: 292 creatures vanquished

Notes
Turn   | Place    | Note
-------+----------+-------------------------------------------
     0 | D:1      | nxtlvl the Minotaur Necromancer began the quest for the
                  | Orb.
     0 | D:1      | Reached XP level 1. HP: 14/14 MP: 1/1
    74 | D:1      | Reached skill level 1 in Fighting
   118 | D:1      | Found Xummeof's Jewellery Boutique.
   132 | D:1      | Reached XP level 2. HP: 18/24 MP: 3/3
   148 | D:1      | Found a faded altar of an unknown god.
   553 | D:2      | Learned a level 1 spell: Animate Skeleton
   569 | D:2      | Reached XP level 3. HP: 31/31 MP: 4/4
   902 | D:3      | Noticed a scorpion
   932 | D:3      | HP: 1/33 [poisoned by a scorpion]
   932 | D:3      | Killed a scorpion
   933 | D:3      | Reached XP level 4. HP: 2/41 MP: 5/5
   991 | D:3      | Found a glowing drain.
  1047 | Sewer    | Entered a sewer
  1055 | Sewer    | Reached skill level 5 in Fighting
  1057 | Sewer    | Reached XP level 5. HP: 40/48 MP: 6/6
  1540 | Sewer    | Reached XP level 6. HP: 29/57 MP: 7/7
  1836 | D:3      | Found Gepnuim's Magic Scroll Emporium.
  1898 | D:4      | Reached skill level 1 in Axes
  1911 | D:4      | Reached skill level 2 in Axes
  1955 | D:4      | Reached XP level 7. HP: 61/66 MP: 8/8
  2128 | D:4      | Noticed Blork the orc
  2143 | D:4      | Killed Blork the orc
  2144 | D:4      | Reached skill level 3 in Axes
  2253 | D:4      | Found a broken altar of Ashenzari.
  2253 | D:4      | Found a sacrificial altar of Ru.
  2257 | D:4      | Noticed Robin
  2272 | D:5      | Entered Level 5 of the Dungeon
  2289 | D:4      | Reached skill level 5 in Dodging
  2314 | D:4      | Killed Robin
  2365 | D:5      | Noticed Dowan
  2366 | D:5      | Noticed Duvessa
  2374 | D:5      | Killed Duvessa
  2375 | D:5      | Reached skill level 4 in Axes
  2388 | D:5      | Killed Dowan
  2569 | D:5      | Reached skill level 5 in Axes
  2569 | D:5      | Reached XP level 8. HP: 57/74 MP: 9/9
  2717 | D:5      | Noticed Prince Ribbit
  2777 | D:5      | Killed Prince Ribbit
  2778 | D:5      | Reached skill level 7 in Axes
  2850 | D:5      | Found a runed translucent gate.
  2850 | D:5      | Found a runed translucent gate.
  2852 | D:5      | Found a runed translucent gate.
  2854 | D:5      | Noticed thromnambular's ghost (amateur DjFE)
  3134 | D:6      | Reached skill level 8 in Axes
  3281 | D:6      | Found a staircase to the Ecumenical Temple.
  3289 | D:6      | Reached skill level 9 in Axes
  3292 | Temple   | Entered the Ecumenical Temple
  3687 | D:7      | Noticed a two-headed ogre
  3710 | D:7      | Killed a two-headed ogre
  3711 | D:7      | Reached skill level 11 in Axes
  3711 | D:7      | Reached XP level 9. HP: 14/81 MP: 10/10
  3792 | D:7      | Found a shimmering blue altar of Sif Muna.
  3971 | D:7      | Found a runed translucent door.
  3972 | D:7      | Noticed Crazy Yiuf
  3980 | D:7      | Killed Crazy Yiuf
  4033 | D:7      | Reached skill level 12 in Axes
  4121 | D:7      | Noticed Harold
  4193 | D:7      | Noticed Maggie
  4323 | D:7      | Noticed Pikel
  4343 | D:7      | Killed Pikel
  4455 | D:7      | Reached skill level 13 in Axes
  4594 | D:8      | Noticed Psyche
  4606 | D:8      | Killed Psyche
  4607 | D:8      | Reached XP level 10. HP: 36/88 MP: 11/11
  4771 | D:8      | Reached skill level 14 in Axes
  4772 | D:8      | Noticed a green ugly thing
  4780 | D:8      | Killed a green ugly thing
  4781 | D:8      | Reached skill level 1 in Armour
  4903 | D:8      | Noticed Grum
  4914 | D:8      | Killed Grum
  5052 | D:5      | Killed thromnambular's ghost
  5174 | D:1      | Bought the amulet of Gompeluch {rPois rF+ Regen+} for 530
                  | gold pieces
  5432 | D:7      | Killed Maggie
  5539 | D:8      | Identified the +1 cloak "Utugiu" {Str+3 Dex+4}
  5587 | D:8      | Noticed Erica
  5603 | D:8      | Killed Erica
  5604 | D:8      | Reached skill level 15 in Axes
  5800 | D:9      | Found a staircase to the Lair.
  5816 | D:9      | Reached XP level 11. HP: 89/97 MP: 12/12
  5939 | D:9      | Found a staircase to the Orcish Mines.
  6042 | D:9      | Noticed a two-headed ogre
  6054 | D:9      | Reached skill level 5 in Armour
  6058 | D:9      | Killed a two-headed ogre
  6207 | D:9      | Found a bloodstained altar of Trog.
  6382 | D:7      | Found an ancient bone altar of Kikubaaqudgha.
  6382 | D:7      | Found a blossoming altar of Fedhas.
  7426 | D:9      | Reached skill level 10 in Fighting
  7546 | D:9      | Quit the game

Illustrated notes

Levels and vault maps discovered:
D:1:      lemuel_arrival_tunnels, layout_basic, serial_shops,
          nicolae_shop_trees, shapermc_ecumenical_altar_venn
D:2:      minmay_chambers_of_ones, layout_rooms
D:3:      layout_rooms, cheibrodos_sewer_entry_sluice, serial_shops,
          nicolae_square_shop
D:4:      layout_gridville, gammafunk_temple_overflow_wave, uniq_robin,
          uniq_blork_the_orc
D:5:      layout_gridville, ebering_ghost_rock_garden, uniq_duvessa,
          uniq_prince_ribbit1
D:6:      minmay_cornered_nines, layout_loops_ring,
          minmay_temple_entry_mini_moons
D:7:      layout_basic, grunt_temple_overflow_growth_and_decay,
          amcnicky_altar_gilded, uniq_crazy_yiuf_cottage, uniq_pikel,
          uniq_maggie, uniq_harold
D:8:      layout_cave_pools, minmay_manual_moon, uniq_psyche, uniq_erica,
          uniq_grum
D:9:      layout_loops_ring, trog_butcher_becter, erik_lair_island,
          hiddenorc1_lemuel
Temple:   minmay_temple_curvy_branch

Skill      XL: |  1  2  3  4  5  6  7  8  9 10 11 |
---------------+----------------------------------+-----
Fighting       | 2 3 4 5 6 7 8 9 10 | 10.0
Dodging        | 3 4 5 |  5.6
Axes           | 2 5 11 13 15 | 15.8
Armour         | 4 5 |  5.7
Stealth        | |  1.5
Spellcasting   | |  1.3
Necromancy     | |  2.9

Action                   |  1- 3 |  4- 6 |  7- 9 | 10-12 || total
-------------------------+-------+-------+-------+-------++-------
Melee: Hand axe          |    35 |       |       |       ||    35
       Unarmed           |    11 |       |     7 |       ||    18
       Headbutt          |    16 |    28 |    27 |    39 ||   110
       Short sword       |    84 |   178 |       |       ||   262
       Dagger            |    11 |       |       |       ||    11
       Battleaxe         |       |    44 |   215 |   231 ||   490
Throw: Dart              |     8 |    32 |    58 |     4 ||   102
Evoke: Wand              |       |       |       |     8 ||     8
  Use: Potion            |     1 |     2 |       |       ||     3
       Scroll            |       |       |     5 |       ||     5
Armor: Scale mail        |    71 |       |       |       ||    71
       Plate armour      |     6 |   165 |   131 |   109 ||   411
Dodge: Dodged            |    75 |    42 |    51 |    60 ||   228
Block: Other             |       |       |    15 |       ||    15
       Reflection        |       |       |     2 |       ||     2
